 Dungeon Crawl Stone Soup version 0.29-a0-72-g1732ff48e7 (webtiles) character file.

Game seed: 6300502530878131299

1204 siradein the Skirmisher (level 8, -4/70 HPs)
             Began as a Black Draconian Fighter on Feb 3, 2022.
             Slain by Blork the orc (16 damage)
             ... on level 5 of the Dungeon.
             The game lasted 00:15:35 (7084 turns).

siradein the Skirmisher (Black Draconian Fighter)   Turns: 7084, Time: 00:15:35

Health: -4/70      AC:  6    Str: 19    XL:     8   Next: 21%
Magic:  8/8        EV: 14    Int:  9    God:
Gold:   155        SH:  6    Dex: 18    Spells: 7/7 levels left

rFire   . . .      SeeInvis .   a - +0 long sword
rCold   . . .      Faith    .   b - +0 buckler
rNeg    . . .      Spirit   .   (armour unavailable)
rPois   .          Reflect  .   (helmet restricted)
rElec   +          Harm     .   (no cloak)
rCorr   .          Rampage  .   (no gloves)
Will    .....                   (no boots)
Stlth   ++........              (no amulet)
HPRegen 0.21/turn               i - +6 ring of dexterity
MPRegen 0.11/turn               (no ring)

@: no status effects
A: breathe lightning, AC +6, unfitting armour, electricity resistance,
cold-blooded
a: Breathe Lightning


You were on level 5 of the Dungeon.
You visited 1 branch of the dungeon, and saw 5 of its levels.

You collected 155 gold pieces.

Inventory:

Hand Weapons
 a - a +0 long sword (weapon)
Missiles
 l - 5 silver javelins
 q - 2 poisoned darts (quivered)
Armour
 b - a +0 buckler (worn)
Jewellery
 i - a +6 ring of dexterity (left hand)
Wands
 t - a wand of flame (6)
 u - a wand of polymorph (8)
Scrolls
 d - 4 scrolls of identify {unknown}
 e - a scroll of summoning {unknown}
 f - a scroll of magic mapping {unknown}
 g - a scroll of fog {unknown}
 h - a scroll of noise {unknown}
 k - a scroll of amnesia {unknown}
 m - 2 scrolls of teleportation {unknown}
 n - 3 scrolls of enchant weapon {unknown}
 o - a scroll of blinking {unknown}
 p - a scroll of torment {unknown}
 s - a scroll of enchant armour {unknown}
Potions
 c - 2 potions of might
 j - 3 potions of mutation {unknown}
 r - a potion of brilliance {unknown}


   Skills:
 + Level 6.2 Fighting
 + Level 5.1 Long Blades
 + Level 5.1 Dodging
 + Level 5.6 Shields
 + Level 1.3 Evocations


You had 7 spell levels left.
You didn't know any spells.
Your spell library contained the following spells:

 Spells                   Type           Power      Damage    Failure   Level
 Animate Skeleton         Necr           0%         N/A       45%         1
 Sublimation of Blood     Necr           0%         N/A       61%         2
 Wereblood                Tmut           0%         N/A       61%         2
 Summon Hydra             Summ           0%         N/A       100%        7


Dungeon Overview and Level Annotations

Branches:
Dungeon (5/15)
 Temple: D:4-7

Altars:

Annotations:
D:5 Blork the orc


Innate Abilities, Weirdness & Mutations

You can breathe wild blasts of lightning.
Your glossy black scales are hard. (AC +6)
You cannot fit into any form of body armour.
You are resistant to electric shocks. (rElec)
You are cold-blooded and may be slowed by cold attacks.


Message History

Unknown command.
Unknown command.
You hit Blork the orc.
Blork the orc is lightly wounded.
Blork the orc screams, "I'll decorate my home with your organs!"
Blork the orc hits you with a +0 glaive.
You hit Blork the orc.
Blork the orc is lightly wounded.
Blork the orc casts a spell at you. The puff of flame hits you.
You slash Blork the orc!
Blork the orc is moderately wounded.
Blork the orc casts a spell.
Blork the orc seems to speed up.
You slash Blork the orc!
Blork the orc is heavily wounded.
You block Blork the orc's attack.
Blork the orc points at you and mumbles some strange words.
The puff of frost hits you!
You barely miss Blork the orc.
Blork the orc is heavily wounded.
Blork the orc barely misses you. Blork the orc casts a spell at you.
The puff of flame hits you!
You are too injured to fight recklessly!
You are too injured to fight recklessly!
You are too injured to fight recklessly!
Blork the orc hits you from afar with a +0 glaive!
Blork the orc screams, "I'll break your arms!"
Blork the orc gestures at you while chanting.
You block the puff of flame.
You have got your breath back.
Blork the orc hits you from afar with a +0 glaive!
* * * LOW HITPOINT WARNING * * *
Blork the orc barely misses you. Blork the orc misses you.
Blork the orc hits you from afar with a +0 glaive!
* * * LOW HITPOINT WARNING * * *
Blork the orc hits you from afar with a +0 glaive!
You die...

##.##.# #.##.#...............#
...##.####.##...####...#.######
#.^............## ##.##.#
...............# #.##.#
#####..........# #.##.#
......<........# #.##.#
#####..........# #.##.#
#####.....>...o######.##.####
#...............@...(<......###
#.####.........#.#######......#
#...[>....#.# ####.#.##
#.....#####.# #####....##
#.......<...# #.......)..
#.....####### #.###....#.
........# #.#.....##. ######.##
#######[#.###.##. #.#
#.........# #.##.


You could see Blork the orc (fast).

Vanquished Creatures
  Sigmund (D:2)
  4 ogres
  A phantom (D:5)
  A howler monkey (D:5)
  A bullfrog zombie (D:5)
  A jelly (D:4)
  A centaur skeleton (D:4)
  An orc priest (D:3)
  An iguana (D:4)
  Natasha (thrice) (D:2)
  4 orc wizards
  3 gnolls (D:3)
  3 river rats (D:3)
  8 adders
  A white imp (D:5)
  2 ufetubi (D:4)
  An adder zombie (D:5)
  2 worms (D:3)
  A dart slug (D:1)
  24 orcs
  9 ball pythons
  6 bats
  12 endoplasms
  3 giant cockroaches
  7 hobgoblins
  3 jackals
  5 quokkas
  3 goblins
  6 kobolds
  8 rats
126 creatures vanquished.

Notes
Turn   | Place    | Note
-------+----------+-------------------------------------------
     0 | D:1      | siradein the Draconian Fighter began the quest for the Orb.
     0 | D:1      | Reached XP level 1. HP: 19/19 MP: 1/1
   117 | D:1      | Reached XP level 2. HP: 11/26 MP: 2/2
   413 | D:1      | Found a faded altar of an unknown god.
   725 | D:1      | Got Plato's Disquisition on Sinister Rites
   900 | D:1      | Reached XP level 3. HP: 22/33 MP: 3/3
  1291 | D:2      | Noticed Sigmund
  1299 | D:2      | Killed Sigmund
  1300 | D:2      | Reached skill level 4 in Fighting
  1300 | D:2      | Reached XP level 4. HP: 19/41 MP: 4/4
  1300 | D:2      | Reached XP level 5. HP: 21/47 MP: 5/5
  1600 | D:2      | Noticed Natasha
  1612 | D:2      | Killed Natasha
  2841 | D:2      | Noticed Natasha
  2848 | D:2      | Killed Natasha
  2939 | D:2      | Reached XP level 6. HP: 53/53 MP: 6/6
  3030 | D:2      | Noticed Natasha
  3036 | D:2      | Killed Natasha
  4185 | D:3      | Reached skill level 5 in Fighting
  4847 | D:3      | Your scales start taking on a glossy black colour.
  4847 | D:3      | Reached XP level 7. HP: 54/61 MP: 7/7
  4847 | D:3      | Gained mutation: You are resistant to electric shocks.
                  | (rElec) [Black Draconian growth]
  5310 | D:4      | Reached skill level 5 in Shields
  6020 | D:5      | Entered Level 5 of the Dungeon
  6102 | D:5      | Reached skill level 6 in Fighting
  6102 | D:5      | Reached skill level 5 in Long Blades
  6102 | D:5      | Reached skill level 5 in Dodging
  6102 | D:5      | Reached XP level 8. HP: 37/70 MP: 8/8
  6393 | D:5      | Reached skill level 1 in Evocations
  6789 | D:5      | Noticed Blork the orc
  7084 | D:5      | Slain by Blork the orc

Illustrated notes

Levels and vault maps discovered:
D:1:      matt_arrival_grand_opening, layout_rooms,
          shapermc_ecumenical_altar_rom_forum
D:2:      minmay_alternating_diamond, layout_loops_cross, uniq_sigmund,
          uniq_natasha
D:3:      layout_basic, portal_sewer_entry_e, minmay_vboxes
D:4:      layout_cave_pools, minmay_misc_feat_secret_circle,
          hangedman_decor_diamond_cutter
D:5:      layout_loops_ring, amcnicky_mini_rare_corridor_liquid,
          item_on_display_a, uniq_blork_the_orc

Skill      XL: |  1  2  3  4  5  6  7  8 |
---------------+-------------------------+-----
Dodging        | 3 4 5 |  5.1
Fighting       | 4 5 6 |  6.2
Long Blades    | 3 4 5 |  5.1
Shields        | 4 5 |  5.6
Evocations     | 1 |  1.3

Action                   |  1- 3 |  4- 6 |  7- 9 || total
-------------------------+-------+-------+-------++-------
Melee: Long sword        |   100 |   208 |   122 ||   430
       Tailslap          |    11 |    33 |    18 ||    62
Throw: Dart              |       |       |     1 ||     1
 Abil: Breathe Lightning |       |       |    12 ||    12
  Use: Potion            |     1 |       |       ||     1
 Stab: Sleeping          |     4 |     2 |       ||     6
       Distracted        |     1 |       |       ||     1
Armor: Skin              |    20 |    55 |    45 ||   120
Dodge: Dodged            |    52 |   104 |   101 ||   257
Block: Buckler           |    29 |    52 |    34 ||   115

Table legend: (Time is in decaauts)
 A = Elapsed time spent in this place.
 B = Non-inter-level travel time spent in this place.
 C = Inter-level travel time spent in this place.
 D = Time resting spent in this place.
 E = Time spent auto-exploring this place.
 F = Levels seen in this place.
 G = Mean time per level.
                   A        B        C        D        E       F      G
               +--------+--------+--------+--------+--------+-----+--------+
         Total |   7227 |   7032 |    195 |   1042 |   4372 |   5 | 1445.4 |
       Dungeon |   7227 |   7032 |    195 |   1042 |   4372 |   5 | 1445.4 |
               +--------+--------+--------+--------+--------+-----+--------+

Top non-repeatable levels by time:
     D:2: 2439 daAuts
     D:3: 1801 daAuts
     D:4: 1357 daAuts
     D:1: 1174 daAuts
     D:5: 455 daAuts
